 Dungeon Crawl Stone Soup version 0.31-a0-662-g684573625c (webtiles) character file.

Game seed: 1825195683644780333

972 GigaChad the Shield-Bearer (level 8, -2/63 HPs)
             Began as a Formicid Fighter on Sept 1, 2023.
             Slain by an ogre
             ... wielding a +0 giant club
              (31 damage)
             ... on level 6 of the Dungeon.
             The game lasted 00:09:08 (4317 turns).

GigaChad the Shield-Bearer (Formicid Fighter)       Turns: 4317, Time: 00:09:08

Health: -2/63      AC: 10    Str: 23    XL:     8   Next: 39%
Magic:  8/8        EV: 10    Int:  8    God:
Gold:   240        SH:  5    Dex: 13    Spells: 7/7 levels left

rFire   . . .        a - +0 war axe (chaos)
rCold   . . .        c - +0 buckler
rNeg    . . .        m - +0 swamp dragon scales
rPois   +            (helmet unavailable)
rElec   .            e - +0 cloak
rCorr   .            (no gloves)
SInv    +            (no boots)
Will    .....        (no amulet)
Stlth   +            (no ring)
HPRegen 0.30/turn    (no ring)
MPRegen 0.11/turn

%: no passive effects
@: no status effects
A: permanent stasis, dig shafts and tunnels, antennae 3, four strong arms
a: Dig, Shaft Self


You were on level 6 of the Dungeon.
You visited 1 branch of the dungeon, and saw 6 of its levels.

You collected 240 gold pieces.

Inventory:

Hand Weapons
 a - a +0 war axe of chaos (weapon)
 s - a +3 quarterstaff of chaos
Armour
 b - a +0 scale mail
 c - a +0 buckler (worn)
 e - a +0 cloak (worn)
 i - a +1 chain mail
 k - a +0 plate armour
 m - +0 swamp dragon scales (worn)
Wands
 j - a wand of light (5)
 o - a wand of flame (25)
Scrolls
 h - a scroll of teleportation
 p - a scroll of fear
Potions
 d - a potion of might
 f - 2 potions of heal wounds {unknown}
 g - a potion of attraction {unknown}
 l - 2 potions of curing {unknown}
 n - a potion of cancellation {unknown}
 q - a potion of magic {unknown}
 r - a potion of berserk rage {unknown}
 t - a potion of mutation {unknown}


   Skills:
 + Level 5.4 Fighting
 + Level 5.9 Axes
 + Level 5.7 Armour
 + Level 1.0 Dodging
 + Level 1.2 Stealth
 + Level 6.2 Shields


You had 7 spell levels left.
You didn't know any spells.
Your spell library contained the following spells:

 Spells                   Type           Power      Damage    Failure   Level
 Foxfire                  Conj/Fire      0%         2x1d4     61%         1
 Slow                     Hex            0%         N/A       61%         1
 Confusing Touch          Hex            0%         N/A       93%         3
 Vampiric Draining        Necr           0%         2d6       93%         3
 Plasma Beam              Fire/Air       0%         2x1d10    100%        6
 Starburst                Conj/Fire      0%         6d3       100%        6


Dungeon Overview and Level Annotations

Branches:
Dungeon (6/15)             Temple (0/1) D:4

Altars:
Sif Muna
Vehumet

Shops:
D:2 =:   D:5 :([:


Innate Abilities, Weirdness & Mutations

You cannot be hasted, slowed, berserked, paralysed or teleported.
You can dig through walls and to a lower floor.
You have a pair of large antennae on your head. (SInv)
Your four strong arms can wield two-handed weapons with a shield.


Message History

An ogre comes into view. It is wielding a +0 giant club.
The kobold brigand misses you.
You hit the kobold brigand but do no damage.
The kobold brigand seems to grow stronger.
You block the kobold brigand's attack.
The kobold brigand hits you with a +0 short sword.
You hit the kobold brigand. You freeze the kobold brigand.
The kobold brigand is lightly wounded.
You block the kobold brigand's attack.
You hit the kobold brigand.
Lightning courses through the kobold brigand!
The kobold brigand is severely wounded.
The kobold brigand hits you with a +0 short sword!
Unknown command.
You barely miss the kobold brigand.
The kobold brigand is severely wounded.
The kobold brigand hits you with a +0 short sword.
Unknown command.
You closely miss the kobold brigand.
The kobold brigand is severely wounded.
You block the kobold brigand's attack. You block the ogre's attack.
The kobold brigand hits you with a +0 short sword!
Unknown command.
You are too injured to fight recklessly!
Unknown command.
You are too injured to fight recklessly!
Unknown command.
You are too injured to fight recklessly!
You are too injured to fight recklessly!
Unknown command.
You slash the ogre!
The ogre suddenly seems more resistant.
The ogre is severely wounded.
You hit the kobold brigand.
You kill the kobold brigand!
Your Dodging skill increases to level 1!
Unknown command.
You hit the ogre.
The ogre is severely wounded.
The ogre hits you with a +0 giant club!!
You die...

..####..# ###.#.....
#........# ##.........
###........###..#....^..
........>..........#....
...........##........#.#
........................
..........#....#.......
..###.).>..#.†..........
!.....O@.......<........
.....##)...............#
... #..............#....
.,.K..#...........#....#
...##..#.........#.##.
.# ................##.#
.............### #..
..###.........#####..
........


You could see an ogre (resistant).

Vanquished Creatures
  An ice beast (D:6)
  2 ogres (D:5)
  A centaur (D:5)
  A phantom (D:5)
  A kobold brigand (D:6)
  2 scorpions
  An orc priest (D:4)
  Crazy Yiuf (D:3)
  3 iguanas
  2 orc wizards
  6 adders
  2 ufetubi (D:6)
  A worm (D:2)
  4 dart slugs
  17 orcs
  6 endoplasms
  6 goblins
  8 hobgoblins
  3 jackals (D:2)
  7 quokkas
  6 ball pythons
  5 bats
  5 frilled lizards
  12 kobolds
  4 rats
107 creatures vanquished.

Notes
Turn   | Place    | Note
-------+----------+-------------------------------------------
     0 | D:1      | GigaChad the Formicid Fighter began the quest for the Orb.
     0 | D:1      | Reached XP level 1. HP: 18/18 MP: 1/1
   162 | D:1      | Reached XP level 2. HP: 24/24 MP: 2/2
   538 | D:1      | Reached XP level 3. HP: 29/29 MP: 3/3
  1098 | D:2      | Found Qumoij's Vocational Training.
  1158 | D:2      | Found Huhe's Jewellery Shop.
  1295 | D:2      | Found a faded altar of an unknown god.
  1358 | D:2      | Reached XP level 4. HP: 35/35 MP: 4/4
  2051 | D:3      | Found a runed translucent door.
  2052 | D:3      | Noticed Crazy Yiuf
  2192 | D:3      | Found a radiant altar of Vehumet.
  2301 | D:3      | Killed Crazy Yiuf
  2302 | D:3      | Reached XP level 5. HP: 14/42 MP: 5/5
  2446 | D:4      | Reached skill level 5 in Shields
  2856 | D:4      | Found a staircase to the Ecumenical Temple.
  2969 | D:4      | Reached XP level 6. HP: 48/48 MP: 6/6
  3158 | D:5      | Entered Level 5 of the Dungeon
  3314 | D:5      | Noticed an ogre
  3317 | D:5      | Found Caxuink's Weapon Emporium.
  3321 | D:5      | Killed an ogre
  3322 | D:5      | Reached skill level 5 in Armour
  3322 | D:5      | Reached XP level 7. HP: 51/54 MP: 7/7
  3424 | D:5      | Found Dixag's Armour Shop.
  3451 | D:5      | Found Wewuin's Book Shoppe.
  3485 | D:5      | Found Zamuucec's Book Emporium.
  3663 | D:5      | Reached skill level 5 in Fighting
  3865 | D:5      | Reached skill level 5 in Axes
  3878 | D:5      | Reached skill level 1 in Stealth
  3878 | D:5      | Reached XP level 8. HP: 33/62 MP: 8/8
  4044 | D:5      | Found a shimmering blue altar of Sif Muna.
  4217 | D:6      | Reached skill level 6 in Shields
  4317 | D:6      | Reached skill level 1 in Dodging
  4317 | D:6      | Slain by an ogre

Illustrated notes

Levels and vault maps discovered:
D:1:      roderic_octagonal_star, layout_basic
D:2:      layout_loops_corners, serial_shops, nicolae_shop_tiny_statue_garden,
          shapermc_ecumenical_altar_ellora, nicolae_shop_vocational
D:3:      layout_rooms, marbit_many_paths, skrybe_limestone_x,
          wad_floor_pattern_2, wander_ebering_terrifying_dragon_lair,
          uniq_crazy_yiuf_cottage
D:4:      layout_basic, minmay_temple_entry_slanted, st_stairs_5,
          palyth_stone_intersect
D:5:      layout_basic, nicolae_sif_muna_condensation, serial_shops,
          nicolae_shop_crystal, nicolae_shop_tiny_waterfront,
          nicolae_shop_bloodbath_and_beyond, shop, nicolae_figureground_pulse
D:6:      layout_rooms

Skill      XL: |  1  2  3  4  5  6  7  8 |
---------------+-------------------------+-----
Armour         | 4 5 |  5.7
Axes           | 3 4 5 |  5.9
Shields        | 5 6 |  6.2
Fighting       | 4 5 |  5.4
Stealth        | 1 |  1.2
Dodging        | 1 |  1.0

Action                     |  1- 3 |  4- 6 |  7- 9 || total
---------------------------+-------+-------+-------++-------
  Melee: War axe           |    87 |   135 |    96 ||   318
Ability: Dig               |       |       |     2 ||     2
    Use: Scroll            |       |     7 |     2 ||     9
   Stab: Paralysed         |       |       |     1 ||     1
 Armour: Scale mail        |    23 |       |       ||    23
         Chain mail        |    32 |    89 |       ||   121
         Plate armour      |       |    57 |    73 ||   130
         Swamp dragon scal |       |       |    14 ||    14
  Dodge: Dodged            |    36 |    44 |    40 ||   120
  Block: Buckler           |    32 |    44 |    42 ||   118

Table legend: (Time is in decaauts)
 A = Elapsed time spent in this place.
 B = Non-inter-level travel time spent in this place.
 C = Inter-level travel time spent in this place.
 D = Time resting spent in this place.
 E = Time spent auto-exploring this place.
 F = Levels seen in this place.
 G = Mean time per level.
                   A        B        C        D        E       F      G
               +--------+--------+--------+--------+--------+-----+--------+
         Total |   4429 |   4254 |    175 |      0 |   3351 |   6 |  738.2 |
       Dungeon |   4429 |   4254 |    175 |      0 |   3351 |   6 |  738.2 |
               +--------+--------+--------+--------+--------+-----+--------+

Top non-repeatable levels by time:
     D:5: 1038 daAuts
     D:2: 948 daAuts
     D:1: 779 daAuts
     D:3: 764 daAuts
     D:4: 749 daAuts
     D:6: 149 daAuts
